 Dungeon Crawl Stone Soup version 0.28.0 (webtiles) character file.

Game seed: 12016680491238574060

7 Ayyar the Magician (level 2, 0/19 HPs)
             Began as a Gnoll Wanderer on Mar 31, 2022.
             Slain by a hobgoblin (3 damage)
             ... on level 1 of the Dungeon.
             The game lasted 00:00:53 (94 turns).

Ayyar the Magician (Gnoll Wanderer)                   Turns: 94, Time: 00:00:53

Health: 0/19       AC:  3    Str: 10    XL:     2   Next: 4%
Magic:  9/10       EV: 10    Int: 11    God:
Gold:   0          SH:  3    Dex: 12    Spells: 14/15 levels left

rFire   . . .      SeeInvis .   a - +2 mace
rCold   . . .      Faith    .   d - +0 buckler
rNeg    . . .      Spirit   .   c - +0 robe
rPois   .          Reflect  .   (no helmet)
rElec   .          Harm     .   (no cloak)
rCorr   .          Rampage  .   b - +0 pair of gloves
Will    .....                   (no boots)
Stlth   ++........              (no amulet)
HPRegen 0.06/turn               (no ring)
MPRegen 0.12/turn               (no ring)

@: no status effects
A: fangs 1, strong nose, distributed training
a: no special abilities


You were on level 1 of the Dungeon.
You visited 1 branch of the dungeon, and saw 1 of its levels.

Inventory:

Hand Weapons
 a - a +2 mace (weapon)
Armour
 b - a +0 pair of gloves (worn)
 c - a +0 robe (worn)
 d - a +0 buckler (worn)


   Skills:
 + Level 0.2 Fighting
 + Level 0.2 Short Blades
 + Level 0.2 Long Blades
 + Level 0.2 Axes
 + Level 6.4 Maces & Flails
 + Level 0.2 Polearms
 + Level 0.2 Staves
 + Level 0.2 Slings
 + Level 0.2 Bows
 + Level 0.2 Crossbows
 + Level 0.2 Throwing
 + Level 0.2 Armour
 + Level 0.2 Dodging
 + Level 4.0 Stealth
 + Level 0.2 Shields
 + Level 0.2 Unarmed Combat
 + Level 7.1 Spellcasting
 + Level 0.1 Conjurations
 + Level 0.1 Hexes
 + Level 0.1 Summonings
 + Level 0.1 Necromancy
 + Level 0.1 Translocations
 + Level 0.1 Transmutations
 + Level 0.1 Fire Magic
 + Level 3.6 Ice Magic
 + Level 0.1 Air Magic
 + Level 0.1 Earth Magic
 + Level 0.1 Poison Magic
 + Level 0.3 Invocations
 + Level 0.2 Evocations


You had 14 spell levels left.
You knew the following spells:

 Your Spells              Type           Power      Damage    Failure   Level
a - Freeze                Ice            48%        1d7       5%          1

Your spell library contained the following spells:

 Spells                   Type           Power      Damage    Failure   Level
 Ozocubu's Armour         Ice            12%        N/A       16%         3


Dungeon Overview and Level Annotations

Branches:
Dungeon (1/15)

Altars:


Innate Abilities, Weirdness & Mutations

You have very sharp teeth.
Your uncanny sense of smell can sniff out nearby items.
Your experience applies equally to all skills.


Message History

You hear a shout!
You closely miss the hobgoblin. You block the ball python's attack.
The ball python grabs you. The ball python constricts you.
The hobgoblin hits you but does no damage.
You hit the ball python.
The ball python is heavily wounded.
The ball python bites you. The ball python constricts you.
The hobgoblin hits you.
You sock the ball python!
You kill the ball python!
The hobgoblin hits you but does no damage.
You have reached level 2!
You barely miss the hobgoblin. You block the hobgoblin's attack.
A kobold comes into view. It is wielding a +0 whip.
You barely miss the hobgoblin.
The kobold shouts!
The hobgoblin closely misses you. The hobgoblin barely misses you.
You barely miss the hobgoblin. The hobgoblin hits you.
The kobold completely misses you.
You completely miss the kobold. The kobold hits you with a +0 whip.
You are too injured to fight recklessly!
You are too injured to fight recklessly!
Casting: Freeze (safe; 5% risk of failure)
Confirm with . or Enter, or press ? or * to list all spells.
Aiming: Freeze (safe; 5% risk of failure)
Press: ? - help, Shift-Dir - straight line, f - kobold
Aim: a kobold, wielding a +0 whip You freeze the kobold.
You kill the kobold!
You are too injured to fight recklessly!
You are too injured to fight recklessly!
You closely miss the hobgoblin. The hobgoblin hits you.
You hit the hobgoblin.
The hobgoblin is lightly wounded.
The hobgoblin hits you.
* * * LOW HITPOINT WARNING * * *
You closely miss the hobgoblin. Your bite misses the hobgoblin.
The hobgoblin is lightly wounded.
The hobgoblin hits you.
You die...

. . . ..#....
#.# . ..
..#...#..#
#.#######
..#.....
#........
......#
#.#######
.....# #.#
#...# #.####
#...# #....#
#.#...####.##.#
∆
#......g@.##.#
##..########.#
##.# #.# ##.
..# # ###


You could see a hobgoblin.

Vanquished Creatures
  2 ball pythons (D:1)
  A bat (D:1)
  An endoplasm (D:1)
  A hobgoblin (D:1)
  A kobold (D:1)
6 creatures vanquished.

Notes
Turn   | Place    | Note
-------+----------+-------------------------------------------
     0 | D:1      | Ayyar the Gnoll Wanderer began the quest for the Orb.
     0 | D:1      | Ayyar set off with the following items: a +2 mace, a +0
                  | pair of gloves, a +0 robe; and the following spell
                  | memorised: Freeze; and the following spells available to
                  | memorise: Ozocubu's Armour
     0 | D:1      | Reached XP level 1. HP: 13/13 MP: 8/8
    82 | D:1      | Reached XP level 2. HP: 10/19 MP: 10/10
    94 | D:1      | Slain by a hobgoblin

Illustrated notes

Levels and vault maps discovered:
D:1:      minmay_arrival_radiant_lines, layout_loops_ring,
          chequers_ecumenical_altar_simple_redux, serial_shops,
          nicolae_diamond_shop, minivault_26, hangedman_decor_points,
          minmay_pentomino_q4

Action                   || total
-------------------------++-------
Melee: Mace              ||    13
 Cast: Freeze            ||     3
 Stab: Sleeping          ||     1
Armor: Robe              ||     2
Dodge: Dodged            ||     7
Block: Buckler           ||     3
